 Dungeon Crawl Stone Soup version 0.28-a0-657-g71136c5590 (webtiles) character file.

Game seed: 13246794419169958202

129 jsc133 the Skirmisher (level 4, 0/42 HPs)
             Began as a Minotaur Abyssal Knight on Oct 13, 2021.
             Was a Believer of Lugonu.
             Slain by an orc warrior (9 damage)
             ... on level 7 of the Dungeon.
             The game lasted 00:06:35 (606 turns).

jsc133 the Skirmisher (Minotaur Abyssal Knight)      Turns: 606, Time: 00:06:35

Health: 0/42       AC: 10    Str: 18    XL:     4   Next: 88%
Magic:  4/4        EV: 11    Int:  7    God:    Lugonu [**....]
Gold:   22         SH:  0    Dex: 11    Spells: 3/3 levels left

rFire   . . .      SeeInvis +   a - +1 hand axe (protect)
rCold   . . .      Faith    .   (no shield)
rNeg    . . .      Spirit   .   b - +0 leather armour
rPois   .          Reflect  .   (helmet restricted)
rElec   .          Harm     .   (no cloak)
rCorr   .          Rampage  .   (no gloves)
Will    +....                   (no boots)
Stlth   +.........              (no amulet)
HPRegen 0.14/turn               c - ring of see invisible
MPRegen 0.09/turn               e - ring of willpower

@: under a protective aura
A: horns 2, retaliatory headbutt
a: Renounce Religion, Depart the Abyss, Bend Space


You were on level 7 of the Dungeon.
You worshipped Lugonu.
Lugonu was pleased with you.
You visited 1 branch of the dungeon, and saw 7 of its levels.
You visited the Abyss 1 time.

You collected 22 gold pieces.

Inventory:

Hand Weapons
 a - a +1 hand axe of protection (weapon)
 i - a +0 spear
Armour
 b - a +0 leather armour (worn)
 j - a +0 scale mail
Jewellery
 c - a ring of see invisible (left hand)
 e - a ring of willpower (right hand)
Wands
 h - a wand of paralysis (8)
Scrolls
 d - a scroll of identify
 f - a scroll of magic mapping {unknown}
 g - 2 scrolls of vulnerability


   Skills:
 + Level 5.0 Fighting
 + Level 4.4 Axes
 + Level 2.8 Armour
 + Level 1.7 Dodging
 + Level 2.0 Invocations


You had 3 spell levels left.
You didn't know any spells.
Your spell library contained the following spells:

 Spells                   Type           Power      Damage    Failure   Level
 Sandblast                Erth           0%         2d4       50%         1
 Passwall                 Tmut/Erth      0%         N/A       63%         2
 Ozocubu's Armour         Ice            0%         N/A       86%         3
 Stone Arrow              Conj/Erth      0%         3d7       86%         3
 Metabolic Englaciation   Hex/Ice        0%         N/A       100%        5
 Simulacrum               Ice/Necr       0%         N/A       100%        6


Dungeon Overview and Level Annotations

Branches:
Dungeon (7/15)
 Temple: D:4-7

Altars:
Fedhas


Innate Abilities, Weirdness & Mutations

You have a pair of horns on your head.
You reflexively headbutt those who attack you in melee.


Message History

Your weapon exudes an aura of protection.
The hound bites you. The hound bites you but does no damage.
You barely miss the hound. Your headbutt misses the hound.
The hound bites you but does no damage.
You hit the hound. Your headbutt misses the hound.
The hound is lightly wounded.
The hound misses you. The hound bites you but does no damage.
You barely miss the hound.
The hound is lightly wounded.
The hound barely misses you. The hound bites you but does no damage.
You closely miss the hound.
The hound is lightly wounded.
The hound bites you but does no damage.
You slash the hound!
The hound is heavily wounded.
The hound barely misses you. You furiously retaliate!
You headbutt the hound, but do no damage.
The hound closely misses you.
You hit the hound.
The hound is severely wounded.
The hound barely misses you. You furiously retaliate!
You headbutt the hound.
You kill the hound!
Lugonu accepts your kill.
Your Axes skill increases to level 4!
You see here a hound corpse.
You see here a +0 spear.
i - a +0 spear You see here a +0 scale mail.
j - a +0 scale mail Really walk into that teleport trap?
Okay, then.
An orc warrior comes into view. It is wielding a +0 war axe.
The orc warrior shouts!
A wight comes into view. It is wielding a +0 long sword.
The orc warrior hits you with a +0 war axe!!
* * * LOW HITPOINT WARNING * * *
You hit the orc warrior but do no damage.
Your weapon exudes an aura of protection.
The orc warrior hits you with a +0 war axe!
You die...

#.##....##.# #.
#.#.##†#...# #.#z
##.#.##.#.#^##.#.#
##.#.##.#.##.#.#
##.#.##.##.#.#
##.#.###.#.#
##.#.#.#.#
##.#.#.# ##.#@#
##o## ##


You could see an orc warrior and a wight.

Vanquished Creatures
  2 hounds
  An orc wizard (D:5)
  An adder (D:5)
  2 worms
  3 orcs (D:5)
  6 endoplasms
  4 hobgoblins
  A quokka (D:2)
  4 ball pythons
  A frilled lizard (D:3)
  3 goblins
28 creatures vanquished.

Vanquished Creatures (others)
  3 fungi (D:3)
  2 plants (D:3)
5 creatures vanquished.

Grand Total: 33 creatures vanquished

Notes
Turn   | Place    | Note
-------+----------+-------------------------------------------
     0 | Abyss:1  | jsc133 the Minotaur Abyssal Knight began the quest for the
                  | Orb.
     0 | Abyss:1  | Reached XP level 1. HP: 19/19 MP: 1/1
    26 | D:1      | Escaped the Abyss
    81 | D:2      | Reached skill level 4 in Fighting
    87 | D:2      | Reached XP level 2. HP: 27/27 MP: 2/2
   305 | D:3      | Found a blossoming altar of Fedhas.
   337 | D:3      | Reached ** piety under Lugonu
   462 | D:4      | Reached XP level 3. HP: 5/34 MP: 3/3
   516 | D:5      | Entered Level 5 of the Dungeon
   526 | D:5      | Reached XP level 4. HP: 21/41 MP: 4/4
   553 | D:6      | Reached skill level 5 in Fighting
   605 | D:7      | Noticed an orc warrior
   606 | D:7      | Slain by an orc warrior

Illustrated notes

Levels and vault maps discovered:
D:1:      amcnicky_arrival_blooded_trapdoor, layout_loops_corners,
          chequers_ecumenical_altar_simple, kennysheep_minor_cross,
          minmay_misc_feat_tower
D:2:      layout_basic, serial_shops, shop
D:3:      layout_basic, fedhas_altar_3, zin_purify, cheibriados_altar_1,
          patterned_corridor, uniq_jessica
D:4:      layout_rooms, marbit_many_paths
D:5:      wander_river, layout_loops_ring, nicolae_qazlal_style_of_elements,
          lemuel_doored_altar, nemelex_spade_bored_becter
D:6:      layout_layer_cave, mainiacjoe_overflow_concentric_impassable,
          ashenzari_altar_1, minmay_misc_feat_rugged, uniq_duvessa,
          uniq_menkaure, uniq_eustachio
D:7:      minmay_inner_zag, layout_basic, minmay_temple_entry_mist,
          serial_shops, nicolae_inconvenience_store, uniq_maggie

Skill      XL: |  1  2  3  4 |
---------------+-------------+-----
Fighting       | 4 5 |  5.0
Axes           | 3 4 |  4.4
Invocations    | 2 |  2.0
Armour         | |  2.8
Dodging        | |  1.7

Action                   |  1- 3 |  4- 6 || total
-------------------------+-------+-------++-------
Melee: Hand axe          |    49 |    12 ||    61
       Headbutt          |     6 |       ||     6
  Use: Scroll            |     7 |       ||     7
       Potion            |     1 |       ||     1
Armor: Leather armour    |    16 |     7 ||    23
Dodge: Dodged            |    29 |     8 ||    37

Table legend: (Time is in decaauts)
 A = Elapsed time spent in this place.
 B = Non-inter-level travel time spent in this place.
 C = Inter-level travel time spent in this place.
 D = Time resting spent in this place.
 E = Time spent auto-exploring this place.
 F = Levels seen in this place.
 G = Mean time per level.
                   A        B        C        D        E       F      G
               +--------+--------+--------+--------+--------+-----+--------+
         Total |    612 |    612 |      0 |      0 |      0 |   8 |   76.5 |
       Dungeon |    586 |    586 |      0 |      0 |      0 |   7 |   83.7 |
         Abyss |     26 |     26 |      0 |      0 |      0 |   1 |   26.0 |
               +--------+--------+--------+--------+--------+-----+--------+

Top non-repeatable levels by time:
     D:3: 307 daAuts
     D:2: 99 daAuts
     D:4: 70 daAuts
     D:7: 46 daAuts
     D:5: 31 daAuts
 Abyss:1: 26 daAuts
     D:1: 17 daAuts
     D:6: 13 daAuts
